 Dungeon Crawl Stone Soup version 0.17.1-2-g5865329 (webtiles) character file.

90094 Miyamura the Thaumaturge (level 15, -11/126 HPs)
             Began as a Pale Draconian Conjurer on Feb 15, 2016.
             Was the Champion of Vehumet.
             Shot with a poisoned arrow by Nessos (26 damage)
             ... on level 4 of the Orcish Mines on Feb 16, 2016.
             The game lasted 02:52:54 (40549 turns).

Miyamura the Thaumaturge (Pale Draconian Conjurer) Turns: 40549, Time: 02:52:56

Health: -11/126    AC: 14    Str: 14    XL:     15   Next: 51%
Magic:  27/31      EV: 18    Int: 24    God:    Vehumet [******]
Gold:   2123       SH:  0    Dex: 13    Spells: 8 memorised, 6 levels left

rFire  + . .     SeeInvis .     A - staff of air
rCold  + . .     Clarity  +     (armour unavailable)
rNeg   . . .     SustAt   .     (no shield)
rPois  .         Gourm    .     v - +2 hat
rElec  +         Spirit   .     C - +0 cloak
rCorr  .         Warding  .     D - +0 pair of gloves
rMut   .         Stasis   .     k - +0 pair of boots
MR     ++...                    T - amulet of faith
Stlth  +++.......               N - ring "Rakiok" {rC+ MR+ Str+3 Int+4}
                                F - ring of wizardry

@: lethally poisoned (-11 -> -57), starving, hasted, very quick, very resistant
to hostile enchantments, fairly stealthy
A: breathe steam, unfitting armour, clarity, fire resistance 1, cold-blooded, AC
+9
a: Breathe Steam, Renounce Religion


You were on level 4 of the Orcish Mines.
You worshipped Vehumet.
Vehumet was exalted by your worship.
You were starving.

You visited 4 branches of the dungeon, and saw 25 of its levels.
You also visited: Labyrinth and Ice Cave.

You collected 2510 gold pieces.
You spent 387 gold pieces at shops.

Inventory:

Hand Weapons
 O - a +1 quarterstaff of protection
Armour
 k - a +0 pair of boots (worn)
 v - a +2 hat (worn)
 C - a +0 cloak (worn)
 D - a +0 pair of gloves (worn)
Magical Staves
 j - an uncursed staff of poison
 A - an uncursed staff of air (weapon)
Jewellery
 f - an uncursed ring of poison resistance
 s - an uncursed ring of flight
 F - a ring of wizardry (left hand)
 N - the ring "Rakiok" (right hand) {rC+ MR+ Str+3 Int+4}
   (You found it on level 9 of the Dungeon)

   [ring of protection from cold]

   It affects your strength (+3).
   It affects your intelligence (+4).
   It protects you from cold.
   It affects your resistance to hostile enchantments.
 T - an amulet of faith (around neck)
Wands
 c - a wand of fireball (5)
 e - a wand of fire (4)
 o - a wand of flame (7)
 B - a wand of lightning (3)
 K - a wand of paralysis (18)
 M - a wand of disintegration (3)
 R - a wand of cold (3)
 X - a wand of invisibility (4)
 Z - a wand of paralysis (14)
Scrolls
 g - 3 scrolls of fog
 u - 9 scrolls of remove curse
 I - 5 scrolls of brand weapon
 L - a scroll of fear
 S - 4 scrolls of teleportation
 Y - a scroll of recharging
Potions
 a - a potion of flight
 h - a potion of magic
 i - a potion of agility
 l - 4 potions of curing
 p - a potion of resistance
 r - a potion of haste
 w - 2 potions of cancellation
 z - 3 potions of brilliance
 E - 3 potions of berserk rage
 J - 5 potions of might
 V - a potion of invisibility
 W - a potion of cure mutation {!q}
Miscellaneous
 m - a crystal ball of energy
 G - a disc of storms
Comestibles
 b - 14 bread rations
 d - a beef jerky
 q - 3 meat rations
 t - 7 chunks of flesh
 x - 20 fruits
 H - 5 slices of pizza


   Skills:
 - Level 10.1 Fighting
 - Level 10.4 Staves
 - Level 11.5 Dodging
 - Level 6.0 Stealth
 + Level 12.0 Spellcasting
 - Level 11.8 Conjurations
 - Level 3.7 Charms
 - Level 2.1 Air Magic
 - Level 6.0 Earth Magic
 - Level 9.6 Evocations


You had 6 spell levels left.
You knew the following spells:

 Your Spells              Type           Power        Failure   Level  Hunger
b - Iskenderun's Battles  Conj/Chrm      ######..     1%          5    ###....
c - Conjure Ball Lightni  Conj/Air       ######....   4%          6    #####..
d - Magic Dart            Conj           ####         1%          1    None
f - Sticky Flame          Conj/Fire      #####...     1%          4    None
i - Iron Shot             Conj/Erth      ####......   2%          6    #####..
r - Searing Ray           Conj           ######       1%          2    None
s - Stoneskin             Trmt/Erth      ##......     1%          2    None
F - Statue Form           Trmt/Erth      ##.......    83%         6    #####..


Dungeon Overview and Level Annotations

Branches:
Dungeon (12/15)            Temple (1/1) D:6            Lair (8/8) D:8
  Swamp (0/4) Lair:4       Spider (0/4) Lair:6        Slime (0/6) Lair:7
    Orc (4/4) D:11            Elf (0/3) Orc:3

Altars:
Ashenzari
Cheibriados
Dithmenos
Elyvilon
Fedhas
Gozag
Kikubaaqudgha
Makhleb
Nemelex Xobeh
Okawaru
Qazlal
Ru
Sif Muna
Trog
Vehumet
Xom
Yredelemnul
Zin
The Shining One
Beogh
Lugonu

Shops:
D:7 !   D:9 *   Orc:2 }*

Portals:
Hell: Lair:8

Annotations:
Orc:4 Nessos


Innate Abilities, Weirdness & Mutations

You can breathe blasts of scalding, opaque steam.
Your pale cyan-grey scales are hard (AC +9).
Your body does not fit into most forms of armour.
You are cold-blooded and may be slowed by cold attacks.
You possess an exceptional clarity of mind.
Your flesh is heat resistant.


Message History

You feel much better.
You have got your breath back.
* * * LOW HITPOINT WARNING * * *
You feel very sick.
An orc comes into view. It is wielding a hand axe.
Drink which item? (? for menu, Esc to quit)
You feel yourself speed up.
You are starving!
* * * LOW HITPOINT WARNING * * *
You feel very sick.
Nessos shoots a poisoned arrow.
The poisoned arrow hits you!
* * * LOW HITPOINT WARNING * * *
The poisoned arrow burns you.
* * * LOW HITPOINT WARNING * * *
You are more poisoned.
The orc wizard gestures at you while chanting.
The puff of flame hits you! You resist.
* * * LOW HITPOINT WARNING * * *
Nessos shoots a poisoned arrow.
The poisoned arrow hits you!!
You die...

............ #
#.......# .## #......#
..# ###.....<###.#
#...........#
............#### ## $
...............# ..##..
.............####....#.
....####))...@.#.......
...# #)))....())co...
... #))))........oo.o
.. #..).)..#..#.#o..
..........#...## .
.........#.##.#.#
..........### .....
.........## .#.#..
#........# ..##..


You could see Nessos, an orc warrior (wandering), an orc wizard and 2 orcs.

Vanquished Creatures
  Rupert (Orc:2)
  Kirke (Lair:8)
  A frost giant (IceCv)
  An orc warlord (Orc:4)
  Snorg (Lair:6)
  A minotaur (Lab)
  Josephine (Lair:5)
  The ghost of emiel the Archer, a journeyman CeHu of Okawaru (D:9)
  Harold (Lair:3)
  7 hydras
  16 death yaks
  A sun demon (Lair:8)
  A fire crab (Lair:8)
  2 orc knights
  A hill giant (D:11)
  A wizard (Lair:8)
  A griffon (Lair:8)
  A moth of wrath (D:9)
  4 elephants (Lair:5)
  8 oklob plants
  6 black mambas
  A gargoyle (D:10)
  A smoke demon (Lair:8)
  An ice statue (IceCv)
  A torpor snail (Lair:7)
  5 fire drakes
  15 spiny frogs
  4 orange demons (Lair:8)
  9 komodo dragons
  A hellwing (Lair:8)
  A red devil (Lair:8)
  A two-headed ogre (Orc:3)
  A minotaur zombie (Lab)
  19 polar bears (IceCv)
  3 blue devils (Lair:8)
  A trapdoor spider zombie (D:11)
  22 blink frogs
  3 trolls
  3 trapdoor spiders (Lab)
  Sigmund (D:5)
  A redback (Lair:6)
  6 wyverns
  12 hippogriffs
  49 yaks
  4 wraiths (Lair:5)
  3 hogs (Lair:8)
  4 basilisks
  A deep elf mage (D:5)
  43 wolves
  35 water moccasins
  7 hungry ghosts
  3 wargs
  2 hell hounds (Lair:8)
  21 orc warriors
  Duvessa (D:5)
  2 ice beasts
  10 porcupines
  3 phantoms
  2 sky beasts
  A swamp drake (Lair:4)
  13 ogres
  2 centaurs
  16 crocodiles
  3 big kobolds (D:8)
  19 giant frogs
  Dowan (D:5)
  A water moccasin skeleton (D:8)
  4 scorpions
  A vampire bat (Orc:3)
  2 jellies
  8 killer bees
  3 crimson imps
  A quasit (D:4)
  A giant frog zombie (D:7)
  3 electric eels
  32 orc priests
  2 hounds
  6 worker ants
  2 centaur skeletons
  3 giant frog skeletons
  A hell rat (Lair:3)
  8 iguanas
  35 orc wizards
  A killer bee zombie (D:8)
  14 sheep
  2 worker ant zombies (D:10)
  4 gnolls (D:9)
  11 adders
  100 river rats
  A shadow imp (D:5)
  2 oozes
  An adder skeleton (D:4)
  5 worms
  8 giant geckos
  181 orcs
  9 giant cockroaches
  17 goblins
  9 hobgoblins
  13 jackals
  A ball python (D:4)
  14 bats
  5 giant newts
  10 kobolds
  6 quokkas
  A quokka zombie (D:5)
  14 rats
  A fungus (Lair:7)
  5 plants
963 creatures vanquished.

Vanquished Creatures (others)
  77 ball lightnings
  2 humans (Lair:8)
  3 river rats (Lair:8)
  17 fungi
  16 plants
115 creatures vanquished.

Grand Total: 1078 creatures vanquished

Notes
Turn   | Place    | Note
--------------------------------------------------------------
     0 | D:1      | Miyamura the Draconian Conjurer began the quest for the Orb.
     0 | D:1      | Reached XP level 1. HP: 14/14 MP: 3/3
   639 | D:1      | Reached XP level 2. HP: 20/20 MP: 1/5
   687 | D:1      | Learned a level 2 spell: Searing Ray
  1523 | D:1      | Reached XP level 3. HP: 27/27 MP: 3/6
  2270 | D:2      | Found a faded altar to an unknown god.
  2348 | D:2      | Reached skill level 1 in Fighting
  2646 | D:2      | Reached XP level 4. HP: 35/35 MP: 4/7
  3664 | D:3      | Found a blossoming altar of Fedhas.
  3665 | D:3      | Reached XP level 5. HP: 41/41 MP: 5/8
  4133 | D:3      | Found an opulent altar of Gozag.
  4134 | D:3      | Found a blossoming altar of Fedhas.
  4298 | D:3      | HP: 2/41 [iguana (9)]
  4358 | D:3      | Reached skill level 5 in Conjurations
  4685 | D:4      | Found a shadowy altar of Dithmenos.
  4915 | D:4      | Found a snail-covered altar of Cheibriados.
  4918 | D:4      | Found a glowing golden altar of the Shining One.
  4921 | D:4      | Found an ancient bone altar of Kikubaaqudgha.
  5016 | D:4      | Noticed a phantom
  5277 | D:4      | Reached XP level 6. HP: 40/50 MP: 8/10
  5353 | D:4      | Killed a phantom
  6445 | D:5      | Entered Level 5 of the Dungeon
  6477 | D:4      | Your scales start taking on a pale cyan-grey colour.
  6477 | D:4      | Reached XP level 7. HP: 57/57 MP: 6/11
  6556 | D:5      | Noticed Dowan
  6562 | D:5      | Noticed Duvessa
  6573 | D:5      | Killed Duvessa
  6580 | D:5      | Killed Dowan
  6942 | D:5      | Noticed Sigmund
  6947 | D:5      | Killed Sigmund
  6947 | D:5      | Reached skill level 6 in Conjurations
  6947 | D:5      | Reached XP level 8. HP: 65/67 MP: 9/13
  7014 | D:5      | Gained mutation: Your flesh is heat resistant. [mutagenic meat]
  7015 | D:5      | Gained mutation: You possess an exceptional clarity of mind. [mutagenic meat]
  7088 | D:5      | Found a large runed door.
  7088 | D:5      | Found a large runed door.
  7118 | D:5      | Found a large runed door.
  7118 | D:5      | Found a large runed door.
  7289 | D:5      | Noticed a troll
  7395 | D:5      | Killed a troll
  7573 | D:5      | Reached skill level 5 in Fighting
  7715 | D:5      | Noticed a deep elf mage
  7717 | D:5      | Killed a deep elf mage
  7971 | D:6      | Reached skill level 5 in Stealth
  8521 | D:6      | Reached skill level 7 in Conjurations
  8819 | D:6      | Reached XP level 9. HP: 75/75 MP: 11/16
  8841 | D:6      | Reached skill level 5 in Dodging
  8939 | D:6      | Found a staircase to the Ecumenical Temple.
  8953 | Temple   | Entered the Ecumenical Temple
  9436 | D:7      | Found a shadowy altar of Dithmenos.
  9444 | D:7      | Reached skill level 5 in Spellcasting
  9624 | D:7      | Found Nyphuyc's Distillery.
  9626 | D:7      | Bought a potion of curing for 45 gold pieces
  9626 | D:7      | Bought a potion of haste for 150 gold pieces
  9626 | D:7      | Bought a potion of mutation for 37 gold pieces
  9837 | D:7      | Found a sacrificial altar of Ru.
 10927 | D:8      | Found a staircase to the Lair.
 11089 | D:8      | Learned a level 5 spell: Iskenderun's Battlesphere
 11118 | D:8      | Reached skill level 1 in Charms
 11181 | D:8      | Noticed a three-headed hydra
 11229 | D:8      | Killed a three-headed hydra
 11229 | D:8      | Reached skill level 8 in Conjurations
 11229 | D:8      | Reached XP level 10. HP: 86/86 MP: 9/19
 11651 | D:8      | Found a snail-covered altar of Cheibriados.
 12049 | D:9      | Noticed emiel's ghost (journeyman CeHu)
 12255 | D:9      | Killed emiel's ghost
 12782 | D:9      | Found Xouzas's Assorted Antiques.
 12798 | D:9      | Bought a bone wand for 124 gold pieces
 12798 | D:9      | Bought a scroll labeled IKKOPUMOMIN for 31 gold pieces
 12913 | D:9      | Found a radiant altar of Vehumet.
 12915 | D:9      | Found a sparkling altar of Nemelex Xobeh.
 12921 | D:9      | Became a worshipper of Vehumet
 12924 | D:9      | Found a deep blue altar of Sif Muna.
 12925 | D:9      | Found a shattered altar of Ashenzari.
 12981 | D:9      | Found an iron altar of Okawaru.
 13238 | D:9      | Found a glowing silver altar of Zin.
 13339 | D:9      | Reached * piety under Vehumet
 13339 | D:9      | Offered knowledge of Freeze by Vehumet.
 13557 | D:9      | Got a crude wooden ring
 13561 | D:9      | Identified the ring "Rakiok" {rC+ MR+ Str+3 Int+4} (You found it on level 9 of the Dungeon)
 13725 | D:9      | Reached skill level 9 in Conjurations
 13725 | D:9      | Reached XP level 11. HP: 95/95 MP: 12/21
 13892 | D:9      | Noticed a moth of wrath
 13905 | D:9      | Found a bloodstained altar of Trog.
 14050 | D:9      | Killed a moth of wrath
 14237 | D:9      | Reached skill level 1 in Staves
 14375 | D:10     | Entered Level 10 of the Dungeon
 15077 | D:10     | Offered knowledge of Shock by Vehumet.
 15168 | D:10     | Reached ** piety under Vehumet
 15348 | D:10     | You fall through a shaft for 2 floors!
 15538 | D:11     | Noticed a hill giant
 15579 | D:11     | Killed a hill giant
 15820 | D:11     | Found a staircase to the Orcish Mines.
 16036 | Lair:1   | Entered Level 1 of the Lair of Beasts
 16411 | Lair:1   | Offered knowledge of Throw Frost by Vehumet.
 17066 | Lair:2   | Found a frozen archway.
 17112 | IceCv    | Entered an ice cave
 17451 | IceCv    | Reached *** piety under Vehumet
 18233 | IceCv    | Reached skill level 10 in Conjurations
 18233 | IceCv    | Reached XP level 12. HP: 95/106 MP: 22/24
 18248 | IceCv    | Reached skill level 10 in Fighting
 18375 | IceCv    | Offered knowledge of Inner Flame by Vehumet.
 18554 | IceCv    | Reached skill level 1 in Evocations
 19043 | IceCv    | Noticed a frost giant
 19572 | IceCv    | Reached skill level 5 in Staves
 19800 | IceCv    | Killed a frost giant
 19812 | IceCv    | Reached **** piety under Vehumet
 19960 | IceCv    | Learned a level 2 spell: Stoneskin
 20961 | Lair:2   | Offered knowledge of Sticky Flame by Vehumet.
 20975 | Lair:2   | Learned a level 4 spell: Sticky Flame
 21432 | Lair:3   | Got a brightly glowing battleaxe
 21434 | Lair:3   | Identified the cursed +1 battleaxe "Ox" {chop, rElec rPois MR- Dex-3} (You found it on level 3 of the Lair of Beasts)
 21478 | Lair:3   | Reached skill level 11 in Conjurations
 21633 | Lair:3   | Noticed a six-headed hydra
 21654 | Lair:3   | Killed a six-headed hydra
 21702 | Lair:3   | Reached XP level 13. HP: 113/113 MP: 16/26
 21958 | Lair:3   | Reached skill level 5 in Evocations
 22156 | Lair:3   | Noticed Harold
 22170 | Lair:3   | Killed Harold
 22483 | Lair:4   | Found a labyrinth entrance.
 22499 | Lab      | Entered a labyrinth
 23508 | Lab      | Got a shimmering halberd
 23508 | Lab      | Got a warped wooden ring
 23522 | Lab      | Identified the +10 halberd "Qugel" {drain, rElec rPois rF- Str+2} (You found it in a labyrinth)
 23533 | Lab      | Identified the ring of Beebeoh {rC- MR+++ Int+6 Stlth-} (You found it in a labyrinth)
 23538 | Lab      | Learned a level 1 spell: Sandblast
 23955 | Lair:1   | Learned a level 6 spell: Statue Form
 24344 | Lair:4   | Found a staircase to the Swamp.
 24375 | Lair:4   | Reached ***** piety under Vehumet
 24884 | Lair:5   | Offered knowledge of Venom Bolt by Vehumet.
 24886 | Lair:5   | Reached skill level 1 in Earth Magic
 25463 | Lair:5   | Reached skill level 10 in Spellcasting
 25535 | Lair:5   | Noticed Josephine
 25543 | Lair:5   | Killed Josephine
 25656 | Lair:5   | Got a shimmering rapier
 25657 | Lair:5   | Identified the +3 rapier of Detoskehy {venom, rF+ Dex+5 Stlth+} (You found it on level 5 of the Lair of Beasts)
 25750 | Lair:5   | Reached skill level 10 in Dodging
 26683 | Lair:6   | Noticed Snorg
 26703 | Lair:6   | Killed Snorg
 27623 | Lair:6   | Found a hole to the Spider Nest.
 27996 | Lair:6   | Reached XP level 14. HP: 121/121 MP: 16/28
 28796 | Lair:7   | Offered knowledge of Iron Shot by Vehumet.
 28989 | Lair:6   | Learned a level 6 spell: Iron Shot
 30955 | Lair:7   | Found a staircase to the Slime Pits.
 31198 | Lair:8   | Entered Level 8 of the Lair of Beasts
 33562 | Lair:7   | Offered knowledge of Ozocubu's Refrigeration by Vehumet.
 33562 | Lair:7   | Reached skill level 5 in Earth Magic
 33993 | Lair:8   | Reached XP level 15. HP: 126/126 MP: 13/30
 34125 | Lair:8   | Noticed Kirke
 34164 | Lair:8   | Killed Kirke
 34459 | Lair:8   | Reached skill level 10 in Staves
 35052 | Lair:8   | Found a burning altar of Makhleb.
 35085 | Lair:8   | Offered knowledge of Poisonous Cloud by Vehumet.
 35667 | Lair:8   | Found a gateway to Hell.
 36276 | Orc:1    | Entered Level 1 of the Orcish Mines
 36546 | Orc:1    | Found a roughly hewn altar of Beogh.
 37127 | Orc:2    | Reached ****** piety under Vehumet
 37131 | Orc:2    | Offered knowledge of Conjure Ball Lightning by Vehumet.
 37180 | Orc:2    | Learned a level 6 spell: Conjure Ball Lightning
 37403 | Orc:2    | Noticed Rupert
 37411 | Orc:2    | Killed Rupert
 37411 | Orc:2    | Reached skill level 1 in Air Magic
 37431 | Orc:2    | Found Aginij's Off-Brand Ammunition.
 38716 | Orc:3    | Found a staircase to the Elven Halls.
 38941 | Orc:3    | Offered knowledge of Orb of Destruction by Vehumet.
 39788 | Orc:4    | Entered Level 4 of the Orcish Mines
 40218 | Orc:4    | Found a roughly hewn altar of Beogh.
 40266 | Orc:2    | Found Boifumi's Gadget Emporium.
 40511 | Orc:4    | Offered knowledge of Bolt of Fire by Vehumet.
 40517 | Orc:4    | Reached skill level 12 in Spellcasting
 40542 | Orc:4    | Noticed Nessos
 40549 | Orc:4    | Shot with a poisoned arrow by Nessos

Action                   |  1- 3 |  4- 6 |  7- 9 | 10-12 | 13-15 || total
-------------------------+-------+-------+-------+-------+-------++-------
Melee: Unarmed           |    29 |     9 |       |       |       ||    38
       Spear             |       |    50 |     5 |       |       ||    55
       Whip              |       |    33 |     4 |       |       ||    37
       Dagger            |       |       |   202 |    63 |       ||   265
       Staff             |       |       |       |     3 |   170 ||   173
       Quarterstaff      |       |       |       |   359 |   370 ||   729
 Cast: Magic Dart        |    97 |   101 |    95 |   361 |   506 ||  1160
       Searing Ray       |     4 |    11 |    27 |    41 |    27 ||   110
       Iskenderun's Batt |       |       |     1 |    56 |   123 ||   180
       Stoneskin         |       |       |       |     9 |    22 ||    31
       Sticky Flame      |       |       |       |     1 |    16 ||    17
       Sandblast         |       |       |       |       |    57 ||    57
       Iron Shot         |       |       |       |       |    78 ||    78
       Conjure Ball Ligh |       |       |       |       |    38 ||    38
 Abil: Breathe Steam     |       |       |    25 |    68 |    53 ||   146
Evoke: Wand              |       |     4 |     9 |    28 |    31 ||    72
       Disc of storms    |       |       |       |       |    34 ||    34
  Use: Potion            |       |     5 |     1 |     1 |     9 ||    16
       Scroll            |       |     4 |    15 |    11 |    12 ||    42
 Stab: Sleeping          |       |     2 |     6 |     6 |     8 ||    22
       Paralysed         |       |       |       |       |     3 ||     3
  Eat: Chunk             |     7 |    13 |    20 |    51 |    84 ||   175
       Pizza             |       |       |       |     2 |     4 ||     6
       Beef jerky        |       |       |       |     1 |     2 ||     3
       Meat ration       |       |       |       |       |     5 ||     5
